Map: Jagannatha LE

Players

Kember

  • Race: Zerg Zerg
  • League: Silver

Throwfordays - Winner!

  • Race: Protoss Protoss
  • League: Silver

VOD

Have the link to the VOD?

Description

Time

  • Played on: Aug. 27, 2021, 1:18 p.m.
  • Length: 14:03
Show
View Real Time Build Order
Export as new Build Order

Kember Zerg 

Build Orders: Pool First 

Get SALT Encoding   

  12  0:19  Spawning Pool  
  11  0:23  Drone  
  11  0:27  Drone  
  13  0:32  Drone  
  14  0:41  Overlord  
  14  0:56  Overlord  
  14  1:08  Extractor  
  14  1:18  Zergling x4  
  14  1:25  Hatchery  
  14  1:46  Drone  
  14  1:47  Drone x2  
  17  1:53  Extractor  
  16  1:57  Queen  
  18  2:05  Drone  
  18  2:24  Drone x2  
  20  2:38  Lair  
  20  2:41  Drone  
  21  2:50  Drone x2  
  23  2:52  Drone  
  23  2:53  Spine Crawler  
  23  2:57  Drone  
  24  3:14  Drone  
  24  3:15  Drone  
  24  3:17  Drone  
  27  3:22  Drone  
  27  3:24  Drone  
  29  3:37  Drone  
  29  3:38  Drone, Spine Crawler  
  29  3:40  Drone  
  31  3:44  Drone  
  31  3:47  Drone  
  33  3:58  Spire  
  32  4:03  Metabolic Boost  
  32  4:12  Evolution Chamber  
  32  4:13  Drone  
  32  4:14  Drone  
  32  4:15  Drone x2  
  35  4:21  Extractor  
  34  4:34  Drone x2, Overlord x2  
  34  4:35  Extractor  
  34  4:36  Overlord  
  35  4:47  Zerg Melee Weapons Level 1  
  35  4:58  Drone x5  
  35  4:59  Drone  
  40  5:00  Evolution Chamber  
  33  5:25  Mutalisk x3  
  38  5:56  Mutalisk x3  
  44  6:10  Mutalisk  
  46  6:40  Mutalisk  
  46  6:43  Mutalisk  
  46  6:44  Hatchery  
  49  6:50  Mutalisk  
  51  6:57  Hatchery, Zerg Flyer Weapons Level 1  
  50  7:03  Drone  
  50  7:05  Drone  
  52  7:09  Drone  
  52  7:11  Drone  
  52  7:15  Drone  
  55  7:22  Overlord  
  55  7:36  Mutalisk  
  55  7:37  Mutalisk  
  59  7:51  Zerg Ground Armor Level 1, Zerg Melee Weapons Level 2  
  59  7:59  Drone, Infestation Pit  
  59  8:01  Drone  
  59  8:03  Drone  
  61  8:12  Queen  
  61  8:18  Pneumatized Carapace  
  63  8:27  Drone x3  
  63  8:29  Drone x2  
  50  8:58  Corruptor x4  
  50  8:59  Mutalisk  
  58  9:05  Mutalisk  
  58  9:06  Mutalisk  
  62  9:10  Mutalisk  
  35  10:02  Mutalisk x4  
  29  10:36  Spore Crawler  
  29  10:38  Spore Crawler  
  29  10:41  Spore Crawler  
  29  10:42  Spore Crawler  
  25  10:57  Spore Crawler  
  25  10:59  Overlord x3  
  25  11:04  Overlord x4  
  23  11:56  Mutalisk x7  
  37  12:07  Overlord  
  37  12:09  Corruptor  
  37  12:12  Zergling x6  
  37  12:13  Zergling x16  
  37  12:14  Zergling x2  
  32  12:42  Mutalisk x2  
  31  12:45  Zergling x2  
  31  12:49  Zergling x6  
  14  13:12  Zergling x4  
Show
View Real Time Build Order
Export as new Build Order

Throwfordays Protoss - Winner!

Build Orders:  

Get SALT Encoding   

  12  0:00  Probe  
  13  0:12  Probe  
  14  0:24  Probe  
  14  0:25  Pylon  
  15  0:43  Probe  
  15  0:45  Gateway  
  16  1:01  Gateway  
  16  1:03  Probe  
  17  1:15  Probe  
  18  1:19  Forge  
  18  1:27  Probe  
  18  1:28  Assimilator  
  19  1:33  Zealot  
  21  1:44  Cybernetics Core  
  21  1:49  Zealot  
  23  2:34  Pylon  
  23  2:44  Nexus  
  23  2:51  Assimilator  
  23  2:52  Probe  
  23  2:55  Warp Gate (Chrono Boost)  
  24  3:07  Adept  
  26  3:17  Adept  
  28  3:28  Probe  
  29  3:34  Assimilator  
  29  3:37  Assimilator  
  29  3:40  Probe  
  30  3:46  Pylon  
  30  3:51  Pylon  
  30  3:55  Pylon  
  31  3:56  Probe x2 (Chrono Boost)  
  32  4:07  Probe (Chrono Boost)  
  34  4:11  Probe (Chrono Boost)  
  34  4:12  Probe (Chrono Boost)  
  35  4:22  Probe  
  35  4:23  Probe  
  37  4:25  Twilight Council  
  37  4:33  Stalker x2  
  37  4:34  Probe  
  40  5:50  Stargate  
  40  5:51  Stargate  
  40  5:53  Stargate  
  40  5:55  Probe  
  41  5:57  Probe  
  42  6:05  Pylon  
  42  6:07  Probe  
  42  6:08  Stalker x2  
  42  6:09  Probe  
  48  6:12  Pylon  
  48  6:18  Pylon  
  48  6:19  Probe  
  48  6:21  Probe  
  50  6:28  Photon Cannon  
  50  6:31  Probe  
  50  6:32  Photon Cannon  
  51  6:33  Probe  
  51  6:36  Phoenix x3  
  58  6:44  Fleet Beacon  
  58  6:45  Probe  
  59  7:00  Protoss Air Weapons Level 1  
  59  7:01  Phoenix  
  61  7:08  Phoenix  
  63  7:16  Phoenix  
  65  7:32  Anion Pulse-Crystals (Chrono Boost)  
  65  7:52  Nexus  
  65  7:54  Pylon  
  65  7:58  Assimilator  
  65  8:00  Assimilator  
  65  8:05  Phoenix x3  
  69  8:08  Protoss Shields Level 1 (Chrono Boost)  
  71  8:20  Flux Vanes  
  68  8:53  Void Ray x2  
  68  8:58  Void Ray  
  80  10:39  Void Ray x3 (Chrono Boost)  
  92  10:59  Probe  
  92  11:00  Probe  
  92  11:03  Probe  
  92  11:04  Protoss Shields Level 2  
  95  11:06  Stalker  
  95  11:07  Stalker  
  95  11:09  Protoss Air Weapons Level 2 (Chrono Boost)  
  95  11:11  Probe  
  100  11:12  Probe  
  100  11:13  Void Ray x2  
  100  11:15  Probe  
  102  11:23  Probe  
  102  11:25  Probe  
  112  11:28  Probe  
  113  11:34  Stalker  
  113  11:35  Stalker  
  117  11:47  Pylon  
  117  11:49  Pylon  
  117  11:51  Pylon  
  117  12:04  Probe  
  117  12:17  Probe  
  112  13:39  Zealot  
  112  13:40  Zealot  
Tags
 
Add a new tag
Caveats
  • Supply blocks, unpowered buildings, or Contaminate may cause inaccurate times.
  • Supply counts are checked every 10 seconds.